 Dungeon Crawl Stone Soup version 0.23-b1-6-ga921848 (webtiles) character file.

Game seed: 1649513954047103688

965 dengdeng the Carver (level 8, -9/67 HPs)
             Began as a Hill Orc Fighter on Feb 2, 2019.
             Mangled by Pikel
             ... wielding a +0 whip of electrocution
              (16 damage)
             ... on level 6 of the Dungeon.
             The game lasted 00:14:25 (4012 turns).

dengdeng the Carver (Hill Orc Fighter)              Turns: 4012, Time: 00:14:25

Health: -9/67      AC: 18    Str: 21    XL:     8   Next: 15%
Magic:  8/8        EV:  6    Int:  8    God:
Gold:   289        SH:  9    Dex: 10    Spells: 7/7 levels left

rFire    . . .     SeeInvis .   q - +1 falchion (protect)
rCold    . . .     Gourm    .   c - +0 shield
rNeg     . . .     Faith    .   v - +0 chain mail
rPois    .         Spirit   .   (no helmet)
rElec    .         Reflect  .   m - +0 cloak
rCorr    .         Harm     .   (no gloves)
MR       .....                  (no boots)
Stlth    ..........             (no amulet)
HPRegen  0.21/turn              (no ring)
MPRegen  0.11/turn              (no ring)

@: protection aura
A: no striking features
a: no special abilities


You were on level 6 of the Dungeon.
You were hungry.

You visited 1 branch of the dungeon, and saw 6 of its levels.

You collected 289 gold pieces.

Inventory:

Hand Weapons
 a - a +0 long sword
 q - a +1 falchion of protection (weapon)
 u - the +10 dagger "Beastslayer" {drain, +Blink rN+ Str+4 Dex-2, unknown}
   (You found it on level 4 of the Dungeon)

   A truly terrible weapon, it drains the life of those it strikes.
   It affects your strength (+4).
   It affects your dexterity (-2).
   It protects you from negative energy.
   It lets you blink.
Missiles
 k - 180 stones (quivered)
 D - 4 silver tomahawks
Armour
 b - a +1 cloak
 c - a +0 shield (worn)
 m - a +0 cloak (worn)
 v - a +0 chain mail (worn)
Jewellery
 y - a cursed -3 ring of intelligence {unknown}
 A - a cursed amulet of inaccuracy {unknown}
Wands
 h - a wand of clouds (6)
 p - a wand of disintegration (21)
 r - a wand of polymorph (4)
 x - a wand of flame (14)
 B - a wand of random effects (22)
Scrolls
 i - 6 scrolls of identify {unknown}
 l - 3 scrolls of teleportation {unknown}
 s - 2 scrolls of amnesia {unknown}
 t - a scroll of noise {unknown}
 w - 3 scrolls of remove curse {unknown}
 E - a scroll of immolation {unknown}
 G - a scroll of random uselessness {unknown}
Potions
 d - 6 potions of might
 e - 4 potions of degeneration {unknown}
 g - 6 potions of curing {unknown}
 j - a potion of heal wounds {unknown}
 n - a potion of lignification {unknown}
 o - a potion of resistance {unknown}
 z - a potion of berserk rage {unknown}
 C - a potion of magic {unknown}
 F - a potion of brilliance {unknown}
Comestibles
 f - 11 rations


   Skills:
 + Level 4.7 Fighting
 * Level 8.1 Long Blades
 + Level 0.2 Throwing
 + Level 5.0 Armour
 + Level 0.9 Dodging
 + Level 0.1 Stealth
 + Level 4.8 Shields


You had 7 spell levels left.
You didn't know any spells.
Your spell library was empty.

Dungeon Overview and Level Annotations

Branches:
Dungeon (6/15)
 Temple: D:4-7

Altars:
Fedhas
Ru
Sif Muna
Xom

Annotations:
D:6 Pikel


Message History

You hit Pikel.
Pikel is heavily wounded.
You block Pikel's attack.
You hit Pikel.
Pikel is heavily wounded.
Pikel hits you with a +0 whip of electrocution.
You are electrocuted!
You hit Pikel.
Pikel is severely wounded.
The howler monkey hoots and howls with incredible vigour!
Pikel hits you with a +0 whip of electrocution.
* * * LOW HITPOINT WARNING * * *
You are electrocuted!
* * * LOW HITPOINT WARNING * * *
You hear an angry hiss.
You closely miss Pikel.
Pikel is heavily wounded.
Pikel says, "I just want to get paid!"
Pikel hits you but does no damage.
You are electrocuted!
You die...

#........<#
#....<....#
#.....รท...#
#.........#
#^........#
#.........#
#.........#
#.........##
#........(@#
##......p#K#
##.....#php......
#######......###
#......# #......#
#......<.
##....#### ......


You could see Pikel, 3 slaves and a howler monkey.

Vanquished Creatures
  Sigmund (D:4)
  A slave (D:6)
  An ice beast (D:6)
  2 centaurs (D:5)
  2 bullfrogs
  A scorpion (D:4)
  A howler monkey (D:4)
  2 orc priests (D:4)
  Natasha (thrice) (D:2)
  3 worker ants (D:4)
  An orc wizard (D:4)
  2 adders
  2 oozes
  3 worms
  8 dart slugs
  2 leopard geckos
  7 orcs
  3 ball pythons
  6 giant cockroaches
  7 hobgoblins
  2 quokkas (D:4)
  9 bats
  3 frilled lizards
  7 goblins
  A jackal zombie (D:6)
  4 kobolds
  A quokka skeleton (D:4)
  9 rats
94 creatures vanquished.

Notes
Turn   | Place    | Note
-------+----------+-------------------------------------------
     0 | D:1      | dengdeng the Hill Orc Fighter began the quest for the Orb.
     0 | D:1      | Reached XP level 1. HP: 19/19 MP: 1/1
   162 | D:1      | Reached XP level 2. HP: 24/27 MP: 2/2
   462 | D:1      | Reached XP level 3. HP: 33/33 MP: 3/3
   579 | D:1      | Reached skill level 3 in Long Blades
   904 | D:2      | Found a shimmering altar of Xom.
   906 | D:2      | Found a blossoming altar of Fedhas.
   906 | D:2      | Found a burning altar of Makhleb.
   909 | D:2      | Found a sacrificial altar of Ru.
   909 | D:2      | Found a deep blue altar of Sif Muna.
   909 | D:2      | Found a shimmering altar of Xom.
   991 | D:2      | Noticed Natasha
  1000 | D:2      | Killed Natasha
  1000 | D:2      | Reached XP level 4. HP: 33/40 MP: 4/4
  1161 | D:2      | Noticed Natasha
  1171 | D:2      | Killed Natasha
  1171 | D:2      | Reached skill level 4 in Long Blades
  1180 | D:2      | Noticed Natasha
  1192 | D:2      | Killed Natasha
  1192 | D:2      | Reached XP level 5. HP: 29/46 MP: 5/5
  2216 | D:4      | Reached skill level 5 in Long Blades
  2216 | D:4      | Reached XP level 6. HP: 52/52 MP: 6/6
  2421 | D:4      | Reached skill level 6 in Long Blades
  2509 | D:4      | Noticed Sigmund
  2525 | D:4      | Killed Sigmund
  2525 | D:4      | Reached XP level 7. HP: 42/60 MP: 7/7
  2856 | D:4      | Got a blackened dagger
  3021 | D:4      | Reached skill level 7 in Long Blades
  3184 | D:5      | Entered Level 5 of the Dungeon
  3807 | D:6      | Reached XP level 8. HP: 52/67 MP: 8/8
  3825 | D:6      | Reached skill level 8 in Long Blades
  3825 | D:6      | Reached skill level 5 in Armour
  3999 | D:6      | Noticed Pikel
  4012 | D:6      | Mangled by Pikel

Skill      XL: |  1  2  3  4  5  6  7  8 |
---------------+-------------------------+-----
Long Blades    | 3 4 5 6 7 8 |  8.1
Armour         | 4 5 |  5.0
Fighting       | 4 |  4.7
Shields        | 4 |  4.8
Throwing       | |  0.2
Dodging        | |  0.9
Stealth        | |  0.1

Action                   |  1- 3 |  4- 6 |  7- 9 || total
-------------------------+-------+-------+-------++-------
Melee: Long sword        |   101 |    76 |       ||   177
       Falchion          |       |   130 |   124 ||   254
Throw: Stone             |     1 |     2 |     4 ||     7
  Eat: Chunk             |       |     6 |     4 ||    10
Armor: Scale mail        |    42 |    50 |       ||    92
       Chain mail        |       |    36 |    61 ||    97
Dodge: Dodged            |    28 |    49 |    29 ||   106
Block: Shield            |    59 |    81 |    63 ||   203
       Rpst.: Long sword |     8 |     5 |       ||    13
       Falchion          |       |     4 |     9 ||    13
